 Dungeon Crawl Stone Soup version 0.29-a0-333-gb4c28e87c6 (webtiles) character file.

Game seed: 10957167770074375159

114 Jortsu the Skirmisher (level 4, -20/35 HPs)
             Began as a Demonspawn Fighter on Apr 13, 2022.
             Was a Believer of Makhleb.
             Killed from afar by Ijyb (23 damage)
             ... with a bolt of acid
             ... on level 4 of the Dungeon.
             The game lasted 00:03:05 (2022 turns).

Jortsu the Skirmisher (Demonspawn Fighter)          Turns: 2022, Time: 00:03:05

Health: -20/35     AC: 12    Str: 19    XL:     4   Next: 66%
Magic:  4/4        EV:  7    Int:  9    God:    Makhleb [**....]
Gold:   122        SH:  5    Dex: 12    Spells: 3/3 levels left

rFire   . . .      SeeInvis .   a - +1 war axe
rCold   . . .      Faith    .   c - +1 buckler
rNeg    . . .      Spirit   .   f - +0 chain mail
rPois   .          Reflect  .   l - +0 helmet
rElec   .          Harm     .   (no cloak)
rCorr   .          Rampage  .   (no gloves)
Will    .....                   (no boots)
Stlth   ..........              h - amulet of the acrobat
HPRegen 0.11/turn               (no ring)
MPRegen 0.09/turn               (no ring)

@: corroded, sanguine armoured
A: demonic guardian 1, sanguine armour 1
a: Renounce Religion, Minor Destruction


You were on level 4 of the Dungeon.
You worshipped Makhleb.
Makhleb was pleased with you.
You visited 1 branch of the dungeon, and saw 5 of its levels.

You collected 122 gold pieces.

Inventory:

Hand Weapons
 a - a +1 war axe (weapon)
Armour
 c - a +1 buckler (worn)
 f - a +0 chain mail (worn)
 l - a +0 helmet (worn)
Jewellery
 h - an amulet of the acrobat (around neck)
Scrolls
 i - a scroll of fog {unknown}
 k - a scroll of enchant weapon
 m - a scroll of teleportation
Potions
 d - a potion of might
 e - a potion of degeneration {unknown}
 g - a potion of lignification {unknown}
 j - a potion of berserk rage {unknown}


   Skills:
 + Level 3.4 Fighting
 + Level 3.2 Axes
 + Level 3.3 Armour
 + Level 0.3 Dodging
 + Level 0.1 Stealth
 + Level 3.1 Shields


You had 3 spell levels left.
You didn't know any spells.
Your spell library was empty.

Dungeon Overview and Level Annotations

Branches:
Dungeon (5/15)             Temple (0/1) D:5

Altars:
Makhleb
Qazlal
Uskayaw

Shops:
D:1 :   D:2 :   D:3 :

Annotations:
D:3 3 runed translucent doors, GordonOverkill's ghost, amateur DEHu
D:4 Ijyb


Innate Abilities, Weirdness & Mutations

A weak demonic guardian rushes to your aid.
When seriously injured, your blood forms armour. (AC +6)


Message History

Ijyb is moderately wounded.
You block Ijyb's attack.
You barely miss Ijyb.
Ijyb is moderately wounded.
You block Ijyb's attack. Ijyb barely misses you.
You closely miss Ijyb.
Ijyb is moderately wounded.
Ijyb hits you but does no damage.
You hit Ijyb.
Ijyb is heavily wounded.
Ijyb hits you but does no damage.
You hit Ijyb.
Ijyb is heavily wounded.
You block Ijyb's attack.
Ijyb zaps a wand.
The bolt of acid hits you.
You closely miss Ijyb.
Ijyb is heavily wounded.
Ijyb hits you with a +0 club.
You slash Ijyb!
Ijyb is severely wounded.
You block Ijyb's attack.
A giant cockroach comes into view.
Ijyb hits you with a +0 club.
You closely miss Ijyb.
Ijyb is severely wounded.
You block Ijyb's attack.
You barely miss Ijyb.
Ijyb is severely wounded.
Ijyb barely misses you.
You closely miss Ijyb.
Ijyb is severely wounded.
Ijyb hits you but does no damage.
Ijyb zaps a wand.
The bolt of acid hits you!!
Ouch! That really hurt!
* * * LOW HITPOINT WARNING * * *
A demonic guardian appears!
Your blood congeals into armour.
The acid corrodes you!
You barely miss Ijyb.
Ijyb is severely wounded.
Ijyb zaps a wand.
The bolt of acid hits you!!
Ouch! That really hurt!
You die...

# ####### ## ### # .......
# . #.. .# #########.#
#.#?##.# ..........
#.#.#..# #..#......
#..5gB.# #....###### #@#
##...#....# #.#
#....#.##.######.#
#.#....#.........#
#......#..#################
#..#.#....................#
........>.###############.#
#..#.#.....# #.#
#..#.#...#.# #.#


You could see Ijyb (ally target), a giant cockroach and a friendly quasit
(summoned).

Vanquished Creatures
  An orc priest (D:5)
  An iguana (D:5)
  An adder (D:2)
  A dart slug (D:3)
  4 orcs (D:3)
  2 bats (D:1)
  2 endoplasms
  2 giant cockroaches (D:1)
  2 goblins
  5 hobgoblins
  A quokka (D:2)
  11 ball pythons
  4 kobolds
37 creatures vanquished.

Vanquished Creatures (collateral kills)
  An orc (D:5)
1 creature vanquished.

Grand Total: 38 creatures vanquished

Notes
Turn   | Place    | Note
-------+----------+-------------------------------------------
     0 | D:1      | Jortsu the Demonspawn Fighter began the quest for the Orb.
     0 | D:1      | Reached XP level 1. HP: 18/18 MP: 1/1
    79 | D:1      | Found a faded altar of an unknown god.
    93 | D:1      | Prayed at the altar of an unknown god.
    93 | D:1      | Became a worshipper of Makhleb the Destroyer
    93 | D:1      | Reached * piety under Makhleb
   372 | D:1      | Gained mutation: A weak demonic guardian rushes to your
                  | aid. [demonic ancestry]
   372 | D:1      | Reached XP level 2. HP: 20/24 MP: 2/2
   477 | D:1      | Found Deihuhar's Book Shop.
   816 | D:2      | Found Ikkor's Book Emporium.
   976 | D:2      | Gained mutation: When seriously injured, your blood forms
                  | armour. (AC +6) [demonic ancestry]
   976 | D:2      | Reached XP level 3. HP: 29/29 MP: 3/3
  1338 | D:3      | Found Ocveferou's Book Shop.
  1352 | D:3      | Reached ** piety under Makhleb
  1461 | D:3      | Found a runed translucent gate.
  1461 | D:3      | Noticed GordonOverkill's ghost (amateur DEHu)
  1462 | D:3      | Found a runed translucent gate.
  1467 | D:3      | Found a runed translucent gate.
  1572 | D:3      | Found a hide-covered altar of Uskayaw.
  1572 | D:3      | You fall into a shaft and drop 2 floors!
  1572 | D:5      | Entered Level 5 of the Dungeon
  1583 | D:5      | Reached XP level 4. HP: 35/35 MP: 4/4
  1589 | D:5      | Found a staircase to the Ecumenical Temple.
  1625 | D:5      | Noticed an ogre
  1951 | D:4      | Found a stormy altar of Qazlal.
  2009 | D:4      | Noticed Ijyb
  2022 | D:4      | Killed from afar by Ijyb

Illustrated notes

Levels and vault maps discovered:
D:1:      nagdon_arrival_double_spiral, layout_basic, serial_shops,
          nicolae_shop_waterfront, basic_ecumenical_altar
D:2:      layout_rooms, serial_shops, nicolae_shop_advertising_works
          [nicolae_subvault_shop_adworks]
D:3:      layout_loops_cross, lemuel_zombie_altar_kikubaaqudgha,
          lemuel_crystal_altar, general_overflow_altar, serial_shops,
          nicolae_shop_crystal, gammafunk_ghost_split, kennysheep_minor_cross,
          uniq_crazy_yiuf_cottage
D:4:      layout_basic, grunt_qazlal_sundering, gammafunk_ghost_necromancy,
          pf_guarded_unrand_woodcutter, uniq_edmund, uniq_ijyb
D:5:      layout_basic, mainiacjoe_overflow_two_lobes, minmay_temple_entry_ruins

Skill      XL: |  1  2  3  4 |
---------------+-------------+-----
Axes           | 2 3 |  3.2
Armour         | 3 |  3.3
Shields        | 3 |  3.1
Fighting       | |  3.4
Dodging        | |  0.3
Stealth        | |  0.1

Action                   |  1- 3 |  4- 6 || total
-------------------------+-------+-------++-------
Melee: War axe           |    86 |    20 ||   106
  Use: Scroll            |     7 |       ||     7
       Potion            |       |     1 ||     1
Armor: Scale mail        |    54 |    13 ||    67
       Chain mail        |       |     3 ||     3
Dodge: Dodged            |    68 |    10 ||    78
Block: Buckler           |    29 |     5 ||    34

Table legend: (Time is in decaauts)
 A = Elapsed time spent in this place.
 B = Non-inter-level travel time spent in this place.
 C = Inter-level travel time spent in this place.
 D = Time resting spent in this place.
 E = Time spent auto-exploring this place.
 F = Levels seen in this place.
 G = Mean time per level.
                   A        B        C        D        E       F      G
               +--------+--------+--------+--------+--------+-----+--------+
         Total |   2067 |   2019 |     48 |    247 |   1357 |   5 |  413.4 |
       Dungeon |   2067 |   2019 |     48 |    247 |   1357 |   5 |  413.4 |
               +--------+--------+--------+--------+--------+-----+--------+

Top non-repeatable levels by time:
     D:1: 783 daAuts
     D:2: 568 daAuts
     D:4: 363 daAuts
     D:3: 256 daAuts
     D:5: 93 daAuts
